 Dungeon Crawl Stone Soup version 0.20-a0-1122-gb7cbeb9 (webtiles) character file.

65 Chaoticas the Skirmisher (level 3, 34/34 HPs)
             Began as a Minotaur Abyssal Knight on May 14, 2017.
             Was a Follower of Lugonu.
             Quit the game on level 2 of the Dungeon.
             The game lasted 00:02:26 (1638 turns).

Chaoticas the Skirmisher (Minotaur Abyssal Knight)  Turns: 1638, Time: 00:02:26

Health: 34/34      AC:  3    Str: 14 (16) XL:     3   Next: 94%
Magic:  3/3        EV: 11    Int:  7 (10) God:    Lugonu [*.....]
Gold:   70         SH:  0    Dex:  6 (9)  Spells: 2/2 levels left

rFire    . . .     SeeInvis .   a - +1 hand axe
rCold    . . .     Gourm    .   (no shield)
rNeg     . . .     Faith    .   b - +0 leather armour
rPois    .         Spirit   .   (helmet restricted)
rElec    .         Reflect  .   (no cloak)
rCorr    .         Harm     .   (no gloves)
MR       .....                  (no boots)
Stlth    +.........             (no amulet)
Regen    0.2/turn               (no ring)
MPRegen  0.1/turn               (no ring)

@: no status effects
A: retaliatory headbutt, horns 2
a: Depart the Abyss, Renounce Religion


You were on level 2 of the Dungeon.
You worshipped Lugonu.
Lugonu was aware of your devotion.
You were not hungry.

You visited 1 branch of the dungeon, and saw 2 of its levels.
You visited the Abyss 1 time.

You collected 70 gold pieces.

Inventory:

Hand Weapons
 a - a +1 hand axe (weapon)
Armour
 b - a +0 leather armour (worn)
Jewellery
 g - a +3 ring of intelligence {unknown}
   (You found it on level 1 of the Dungeon)
 i - an uncursed ring of magical power {unknown}
   (You found it on level 1 of the Dungeon)
Scrolls
 d - a scroll of identify {unknown}
 l - a scroll of recharging {unknown}
 n - 2 scrolls of random uselessness {unknown}
Potions
 j - a potion of degeneration
Comestibles
 c - 3 bread rations


   Skills:
 * Level 4.7 Fighting
 * Level 3.4 Axes
 - Level 2.4 Armour
 - Level 1.1 Dodging
 + Level 2.5 Invocations


You had 2 spell levels left.
You didn't know any spells.

Dungeon Overview and Level Annotations

Branches:
Dungeon (2/15)

Altars:


Innate Abilities, Weirdness & Mutations

You reflexively headbutt those who attack you in melee.
You have a pair of horns on your head.


Message History

You feel sick. The adder bites you.
* * * LOW HITPOINT WARNING * * *
You are lethally poisoned!
The adder poisons you!
You hit the adder.
The adder is severely wounded.
You hit the ooze but do no damage. The ooze hits you but does no damage.
The adder closely misses you.
You hit the adder.
You kill the adder!
Lugonu accepts your kill.
You hit the ooze.
You kill the ooze!
Lugonu accepts your kill.
* * * LOW HITPOINT WARNING * * *
You feel sick.
It was a potion of degeneration.
There was something very wrong with that liquid.
You feel weakened.
You feel dopey.
You feel clumsy.
It was a potion of resistance.
You feel protected.
* * * LOW HITPOINT WARNING * * *
You feel sick.
Unknown command.
It was a potion of brilliance.
You feel clever all of a sudden.
It was a potion of haste.
You feel yourself speed up.
* * * LOW HITPOINT WARNING * * *
You feel sick.
Okay, then.
It was a potion of curing.
You feel better.
You start resting.
Your extra speed is starting to run out.
You start resting.
You feel yourself slow down.
You start resting.
Some of the chunks of flesh in your inventory have rotted away.
You start to feel less resistant.
You start resting.
You feel a little less clever now.
You start resting.
Your resistance to elements expires.
You start resting.
Eating one of 2 chunks of flesh.
You eat one of the 2 chunks of flesh.
This raw flesh tastes terrible.
All of the chunks of flesh in your inventory have rotted away.
HP restored.
You start waiting.
Done waiting.
Are you sure you want to abandon this character and quit the game? (Confirm with "yes".)

#........# ....
#..##'#### #..##.#
#..##.# #############
.######...#.#
#..........$#.
............#
#.......[.....
#######.#.#.#
#.............
#.#.#.####...........#.
#.#.....@............#
#.##...................
#.##...........$.......
..##.........####...##.
####.>######## ##.#
#### .# #


There were no monsters in sight!

Vanquished Creatures
  2 adders (D:2)
  An ooze (D:2)
  2 dart slugs (D:1)
  2 leopard geckos (D:1)
  4 giant cockroaches
  5 goblins
  4 hobgoblins (D:1)
  2 jackals (D:1)
  6 bats
  2 frilled lizards (D:1)
  2 kobolds (D:1)
  3 rats
35 creatures vanquished.

Notes
Turn   | Place    | Note
-------+----------+-------------------------------------------
     0 | Abyss:1  | Chaoticas the Minotaur Abyssal Knight began the quest for the Orb.
     0 | Abyss:1  | Reached XP level 1. HP: 19/19 MP: 1/1
    43 | Abyss:1  | Noticed a large abomination
    43 | D:1      | Escaped the Abyss
   273 | D:1      | Reached * piety under Lugonu
   290 | D:1      | Reached skill level 2 in Invocations
   291 | D:1      | Reached XP level 2. HP: 27/27 MP: 2/2
   321 | D:1      | Reached skill level 4 in Fighting
   414 | D:1      | HP: 13/27 [dart slug/slug dart (4)]
   419 | D:1      | HP: 11/27 [dart slug/slug dart (3)]
   867 | D:1      | Reached XP level 3. HP: 34/34 MP: 3/3
  1007 | D:1      | Reached skill level 3 in Axes
  1280 | D:2      | HP: 17/34 [adder (2)]
  1285 | D:2      | HP: 12/34 [poisoned by an adder]
  1290 | D:2      | HP: 8/34 [poisoned by an adder]
  1296 | D:2      | HP: 4/34 [poisoned by an adder]
  1638 | D:2      | Quit the game

Vault maps used:
D:1:      doesnt_arrival_goblin_jail, serial_forest, infiniplex_forest_end_1,
          infiniplex_forest_corner_1, infiniplex_forest_straight_4,
          infiniplex_forest_lined_room_3, infiniplex_forest_lined_room_3,
          infiniplex_forest_clump_small, infiniplex_forest_clump_small,
          infiniplex_forest_straight_1
D:2:      st_stairs_5, kennysheep_potato

Skill      XL: |  1  2  3 |
---------------+----------+-----
Invocations    | 2 |  2.5
Fighting       | 4 |  4.7
Axes           | 3 |  3.4
Armour         | |  2.4
Dodging        | |  1.1

Action                   || total
-------------------------++-------
Melee: Hand axe          ||    81
       Headbutt          ||     5
Invok: Depart the Abyss  ||     1
  Use: Potion            ||     5
  Eat: Chunk             ||     2
Armor: Leather armour    ||    28
Dodge: Dodged            ||    61
